 Dungeon Crawl Stone Soup version 0.30-a0-1066-g63dfefce0d (webtiles) character file.

Game seed: 8586489304406628275

53 NateTC the Slasher (level 4, -5/35 HPs)
             Began as a Human Berserker on Apr 13, 2023.
             Was a Follower of Trog.
             Slain by a gnoll
             ... wielding a +0 flail
              (10 damage)
             ... on level 2 of the Dungeon.
             The game lasted 00:01:24 (1361 turns).

NateTC the Slasher (Human Berserker)                Turns: 1361, Time: 00:01:25

Health: -5/35      AC:  2    Str: 19    XL:     4   Next: 11%
Magic:  4/4        EV: 12    Int:  8    God:    Trog [*.....]
Gold:   53         SH:  0    Dex: 12    Spells: 3/3 levels left

rFire   . . .      SeeInvis .    a - +0 falchion
rCold   . . .      Faith    .    (no shield)
rNeg    . . .      Spirit   .    b - +0 animal skin
rPois   .          Reflect  .    (no helmet)
rElec   .          Rampage  .    (no cloak)
rCorr   .                        (no gloves)
Will    .....                    (no boots)
Stlth   +                        (no amulet)
HPRegen 0.25/turn                (no ring)
MPRegen 0.09/turn                (no ring)

@: no status effects
A: no striking features
a: Renounce Religion, Berserk


You were on level 2 of the Dungeon.
You worshipped Trog.
Trog was aware of your devotion.
You visited 1 branch of the dungeon, and saw 2 of its levels.

You collected 53 gold pieces.

Inventory:

Hand Weapons
 a - a +0 falchion (weapon)
Armour
 b - a +0 animal skin (worn)
Scrolls
 e - 3 scrolls of identify
 f - a scroll of magic mapping {unknown}
 h - a scroll of teleportation
Potions
 c - a potion of flight {unknown}
 d - a potion of curing {unknown}
 g - 2 potions of haste {unknown}
 i - a potion of magic {unknown}


   Skills:
 * Level 3.5 Fighting
 * Level 3.7 Long Blades
 + Level 2.0 Armour
 + Level 2.7 Dodging


You had 3 spell levels left.
You didn't know any spells.
Your spell library was empty.

Dungeon Overview and Level Annotations

Branches:
Dungeon (2/15) Zot: 10628

Altars:


Message History

The gnoll shouts!
There are monsters nearby!
The gnoll shouts!
You hit the gnoll.
The gnoll is heavily wounded.
You hear a shout!
The gnoll hits you with a +0 whip!
There are monsters nearby!
You hit the gnoll.
The gnoll is severely wounded.
The gnoll barely misses you.
You slash the gnoll!
You kill the gnoll!
Trog accepts your kill.
A hobgoblin comes into view.
You have reached level 4!
You feel clever. The gnoll attacks as you move away!
The gnoll closely misses you.
You hit the gnoll.
The gnoll is lightly wounded.
The gnoll hits you with a +0 flail!
You are too injured to fight recklessly!
You are too injured to fight recklessly!
You hit the gnoll. Your punch misses the gnoll.
The gnoll is heavily wounded.
The gnoll hits you with a +0 flail.
You closely miss the gnoll.
The gnoll is heavily wounded.
The gnoll hits you with a +0 flail.
* * * LOW HITPOINT WARNING * * *
You hit the gnoll.
The gnoll is severely wounded.
The gnoll closely misses you. The gnoll misses you.
Okay, then.
Okay, then.
The gnoll attacks as you move away! The gnoll hits you with a +0 flail.
* * * LOW HITPOINT WARNING * * *
The gnoll attacks as you move away! The gnoll closely misses you.
The gnoll attacks as you move away! The gnoll hits you with a +0 flail!
You die...

#.####.### #.# # #.#
#.# #.# # #.# #.# #.# #
#.# #.# #.# # #g# #.#
##.# # #g# #.# ##..# #
#.# #.######.#.## #
#.####.......###.# #
#.gggg@.......#.## #
#############..########
#.......... ###########


You could see 3 gnolls and a hobgoblin.

Vanquished Creatures
  A gnoll (D:2)
  An adder (D:2)
  A worm (D:1)
  2 dart slugs (D:1)
  A ball python (D:2)
  4 endoplasms
  A giant cockroach (D:1)
  3 hobgoblins (D:1)
  A quokka (D:2)
  4 bats
  2 goblins (D:1)
  3 kobolds (D:1)
  5 rats
29 creatures vanquished.

Notes
Turn   | Place    | Note
-------+----------+-------------------------------------------
     0 | D:1      | NateTC the Human Berserker began the quest for the Orb.
     0 | D:1      | Reached XP level 1. HP: 18/18 MP: 1/1
   147 | D:1      | Reached XP level 2. HP: 19/24 MP: 2/2
   474 | D:1      | Found a faded altar of an unknown god.
   659 | D:1      | Reached XP level 3. HP: 29/29 MP: 3/3
  1342 | D:2      | Reached XP level 4. HP: 23/35 MP: 4/4
  1361 | D:2      | Slain by a gnoll

Illustrated notes

Levels and vault maps discovered:
D:1:      dpeg_arrival_brainrot, layout_basic,
          hellmonk_ecumenical_altar_crossroads
D:2:      layout_loops_ring

Action                     |  1- 3 |  4- 6 || total
---------------------------+-------+-------++-------
  Melee: Falchion          |    79 |     4 ||    83
    Use: Scroll            |     4 |       ||     4
 Armour: Animal skin       |    12 |       ||    12
  Dodge: Dodged            |    46 |     4 ||    50

Table legend: (Time is in decaauts)
 A = Elapsed time spent in this place.
 B = Non-inter-level travel time spent in this place.
 C = Inter-level travel time spent in this place.
 D = Time resting spent in this place.
 E = Time spent auto-exploring this place.
 F = Levels seen in this place.
 G = Mean time per level.
                   A        B        C        D        E       F      G
               +--------+--------+--------+--------+--------+-----+--------+
         Total |   1371 |   1346 |     25 |      0 |   1107 |   2 |  685.5 |
       Dungeon |   1371 |   1346 |     25 |      0 |   1107 |   2 |  685.5 |
               +--------+--------+--------+--------+--------+-----+--------+

Top non-repeatable levels by time:
     D:1: 829 daAuts
     D:2: 541 daAuts
